 Dungeon Crawl Stone Soup version 0.32-a0-928-g1cae6b7ea0 (webtiles) character file.

Game seed: 3910390634786248405

23167 Autsider the Toxicologist (level 12, 54/67 HPs)
             Began as a Spriggan Alchemist on Apr 12, 2024.
             Was a High Priest of Sif Muna.
             Quit the game on level 1 of the Lair of Beasts.
             The game lasted 00:48:27 (17925 turns).

Autsider the Toxicologist (Spriggan Alchemist)     Turns: 17925, Time: 00:48:27

Health: 54/67      AC:  5    Str:  2    XL:     12   Next: 69%
Magic:  27/28      EV: 18    Int: 22    God:    Sif Muna [*****.]
Gold:   715        SH:  0    Dex: 15    Spells: 19/34 levels left

rFire   + . .        Q - +0 arbalest (heavy)
rCold   . . .        (shield currently unavailable)
rNeg    . . .        J - +0 troll leather armour
rPois   +            (helmet restricted)
rElec   +            V - +0 cloak
rCorr   .            (gloves unavailable)
SInv    +            (boots unavailable)
Will    +++..        (no amulet)
Stlth   +++          S - ring of Bemnolid {rElec rF+ Will+ SInv}
HPRegen 1.11/turn    r - ring of poison resistance
MPRegen 0.21/turn

%: no passive effects
@: studying Armour, very quick
A: very small, no large weapons, unfitting armour, see invisible, speed 3, weak
1, subdued magic 1
a: Renounce Religion, Channel Magic, Forget Spell, Divine Exegesis


You were on level 1 of the Lair of Beasts.
You worshipped Sif Muna.
Sif Muna was extremely pleased with you.
You visited 3 branches of the dungeon, and saw 14 of its levels.
You also visited: Bailey.

You collected 715 gold pieces.

Inventory:

Hand Weapons
 k - a +0 sling
 n - a +0 short sword of venom
 z - the +7 Throatcutter {drain, coup de grace}
   (You found it on level 5 of the Dungeon)
 D - the +8 spear of Focus {drain, ^Drain Str+5}
   (You found it on level 7 of the Dungeon)

   Str+5:     It affects your strength (+5).
   ^Drain:    It drains your maximum health when unequipped.
 F - a +3 trident
 M - a +0 sling of flaming
 O - a +0 heavy orcbow
 Q - a +0 heavy arbalest (weapon)
Missiles
 c - 3 throwing nets
 U - 6 atropa-tipped darts
Armour
 a - a +0 robe
 J - a +0 troll leather armour (worn)
 V - a +0 cloak (worn)
Jewellery
 d - a +6 ring of strength
 r - a ring of poison resistance (right hand)
 P - a +5 ring of evasion
 S - the ring of Bemnolid (left hand) {rElec rF+ Will+ SInv}
   (You found it on level 8 of the Dungeon)

   [ring of willpower]

   rF+:       It protects you from fire.
   rElec:     It insulates you from electricity.
   Will+:     It increases your willpower.
   SInv:      It lets you see invisible.
 X - an amulet of magic regeneration
Wands
 q - a wand of warping (12)
 t - a wand of polymorph (10)
 C - a wand of charming (6)
 L - a wand of mindburst (19)
 R - a wand of flame (15)
Scrolls
 e - 2 scrolls of summoning
 f - 4 scrolls of teleportation {@r2}
 j - 2 scrolls of torment
 m - 7 scrolls of poison
 u - 2 scrolls of brand weapon
 x - 2 scrolls of fear
 y - a scroll of revelation
 A - 2 scrolls of fog {unknown}
 B - a scroll of vulnerability
 E - 3 scrolls of enchant weapon
 H - 4 scrolls of immolation
 I - 2 scrolls of blinking
 K - 2 scrolls of amnesia
 W - a scroll of enchant armour
Potions
 b - 2 potions of magic
 g - 3 potions of mutation
 h - a potion of haste {unknown}
 i - 5 potions of ambrosia
 l - a potion of enlightenment {unknown}
 o - a potion of cancellation
 p - a potion of invisibility
 s - a potion of might {unknown}
 v - 5 potions of curing {@q1}
 w - 3 potions of attraction
 G - 2 potions of degeneration
 N - a potion of experience {unknown}
 T - a potion of resistance {unknown}
 Y - a potion of lignification {unknown}


   Skills:
 - Level 10.0 Fighting
 - Level 6.0 Armour
 - Level 10.0 Dodging
 - Level 6.0 Stealth
 + Level 11.7 Spellcasting
 - Level 0.6 Conjurations
 - Level 4.0 Translocations
 - Level 4.0 Fire Magic
 - Level 12.0 Alchemy


You had 19 spell levels left.
You knew the following spells:

 Your Spells              Type           Power      Damage    Failure   Level
b - Olgreb's Toxic Radia  Alch           50%        N/A       1%          4
c - Sticky Flame          Fire/Alch      37%        2d8       2%          4
d - Alistair's Intoxicat  Alch           33%        N/A       1%          5
z - Blink                 Tloc           46%        N/A       2%          2

Your spell library contained the following spells:

 Spells                   Type           Power      Damage    Failure   Level
 Apportation              Tloc           46%        N/A       1%          1
 Sting                    Conj/Alch      100%       1d9       1%          1
 Mercury Vapours          Alch/Air       60%        N/A       1%          2
 Cigotuvi's Dreadful Rot  Necr/Alch/Air  46%        N/A       2%          2
 Mephitic Cloud           Conj/Alch/Air  24%        N/A       4%          3
 Magic Dart               Conj           48%        1d5       6%          1
 Necrotise                Necr           36%        1d5       8%          1
 Slow                     Hex            36%        N/A       8%          1
 Static Discharge         Conj/Air       20%        3-4/arc   12%         2
 Call Imp                 Summ           18%        N/A       13%         2
 Jinxbite                 Hex            18%        N/A       13%         2
 Confusing Touch          Hex            9%         N/A       26%         3
 Frozen Ramparts          Ice            18%        1d3       26%         3
 Ozocubu's Armour         Ice            9%         N/A       26%         3
 Vampiric Draining        Necr           9%         2d6       26%         3
 Airstrike                Air            4%         2d(1-17)  65%         4
 Dispel Undead            Necr           9%         3d8       65%         4
 Martyr's Knell           Necr/Summ      9%         N/A       65%         4
 Summon Lightning Spire   Summ/Air       9%         N/A       65%         4
 Curse of Agony           Necr           9%         N/A       94%         5
 Metabolic Englaciation   Hex/Ice        4%         N/A       94%         5


Dungeon Overview and Level Annotations

Branches:
Dungeon (12/15)            Temple (1/1) D:6            Lair (1/5) D:10
    Orc (0/2) D:12         Bailey (visited)

Altars:
Ashenzari
Cheibriados
Dithmenos
Elyvilon
Fedhas
Gozag
Hepliaklqana
Kikubaaqudgha
Makhleb
Nemelex Xobeh
Okawaru
Qazlal
Ru
Sif Muna
Trog
Uskayaw
Vehumet
Wu Jian
Xom
Yredelemnul
Zin
The Shining One

Portals:
Trove: D:11 (give +3 fire dragon scales)

Annotations:
D:7 exclusions: downstairs, skeletal warrior and 2 more exclusions
D:12 3 transporters


Innate Abilities, Weirdness & Mutations

You are very small and have problems with some larger weapons.
You are too small for most types of armour.
You have supernaturally acute eyesight. (SInv)
You cover ground extremely quickly. (Speed+++)
You are weak. (Str -2)
Your spells are a little easier to cast, but a little less powerful.


Message History

You kill the wolf!
Sif Muna accepts your kill.
You kill the wolf!
Sif Muna accepts your kill.
Your toxic aura wanes.
A wolf comes into view.
You shoot a bolt. The bolt barely misses the wolf.
The wolf howls!
A wolf comes into view.
You shoot a bolt. The bolt closely misses the wolf. x2
The wolf howls!
The wolf bites you! The wolf completely misses you. The wolf bites you!
The wolf barely misses you.
Casting: Olgreb's Toxic Radiance (safe; 1% risk of failure)
Confirm with . or Enter, or press ? or * to list all spells.
You begin to radiate toxic energy.
The wolf is poisoned. x2
The wolf looks even sicker.
The wolf misses you. The wolf bites you! The wolf bites you.
* * * LOW HITPOINT WARNING * * *
The wolf bites you.
* * * LOW HITPOINT WARNING * * *
Your toxic aura wanes.
The wolf misses you. The wolf barely misses you.
The wolf attacks as it pursues you! The wolf completely misses you.
The wolf looks more healthy.
You kill the wolf!
Sif Muna accepts your kill. The wolf attacks as it pursues you!
The wolf completely misses you. The wolf attacks as it pursues you!
The wolf misses you. The wolf attacks as it pursues you!
The wolf barely misses you.
You are too injured to fight recklessly!
You shoot a bolt. The bolt misses the wolf.
The wolf completely misses you. The wolf bites you. The wolf barely misses you.
The wolf closely misses you. The wolf barely misses you.
You shoot a bolt. The bolt hits the wolf!!
You kill the wolf!
Sif Muna accepts your kill.
You see here a wolf corpse.
Unknown command.
Are you sure you want to abandon this character and quit the game? (Confirm with "yes".)

##.........# #.......^.#
##......### ##........#
#.........# .. ### ##........##
## ....
#######.#####........###P#.....
#...##.##.......†..............
#..........†...@...............
#..............................
#..........###................#
#...........##................#
#....##.......................#
#....#.........................
#.........#...................P
#.......##....................
######P####..>......
........###


There were no monsters in sight!

Vanquished Creatures
  A vault guard (D:11)
  A hydra (D:11)
  A two-headed ogre (D:8)
  Erica (D:8)
  A tengu warrior (D:8)
  Pikel (D:4)
  Joseph (D:8)
  A gargoyle (D:12)
  3 cane toads (Lair:1)
  Jeremiah (D:8)
  A kobold demonologist (D:11)
  A queen bee (Lair:1)
  2 trolls
  Grinder (D:4)
  A hornet (D:9)
  Prince Ribbit (D:6)
  3 blink frogs (Lair:1)
  A shadow (D:9)
  5 slime creatures (D:12)
  A wraith (D:11)
  A vampire (D:10)
  3 wyverns
  18 yaks
  A steam dragon (D:7)
  6 vampire mosquitoes (D:12)
  A basilisk (Lair:1)
  2 acid dragons
  3 water moccasins
  3 ice beasts
  15 orc warriors
  A sky beast (D:7)
  4 black bears
  10 wolves (Lair:1)
  4 ogres
  18 centaurs
  4 lemures (D:4)
  A phantom (D:4)
  12 bullfrogs
  3 kobold brigands
  Blork the orc (D:4)
  2 gnoll sergeants
  4 scorpions
  19 wights
  37 killer bees
  5 howler monkeys
  A bombardier beetle (D:7)
  10 orc priests
  2 gnoll boudas
  4 hounds
  2 jellies
  A sleepcap (D:8)
  3 iguanas
  Natasha (thrice) (D:2)
  11 orc wizards
  2 ogre zombies (D:12)
  14 gnolls
  2 adders (D:4)
  3 white imps
  2 ufetubi (D:7)
  A ribbon worm (D:2)
  4 dart slugs
  49 orcs
  3 endoplasms
  5 goblins
  6 hobgoblins
  6 jackals
  3 quokkas
  8 ball pythons
  3 bats
  A frilled lizard (D:3)
  13 kobolds
  2 orc skeletons (D:12)
  2 orc zombies (D:12)
  8 rats
381 creatures vanquished.

Vanquished Creatures (collateral kills)
  A frilled lizard (D:2)
1 creature vanquished.

Vanquished Creatures (others)
  A centaur (D:11)
  An orc (Bailey)
2 creatures vanquished.

Grand Total: 384 creatures vanquished

Notes
Turn   | Place    | Note
-------+----------+-------------------------------------------
     0 | D:1      | Autsider the Spriggan Alchemist began the quest for the
                  | Orb.
     0 | D:1      | Reached XP level 1. HP: 9/9 MP: 5/5
   415 | D:1      | Reached XP level 2. HP: 13/13 MP: 5/7
   458 | D:1      | Found a faded altar of an unknown god.
  1229 | D:2      | Reached skill level 4 in Alchemy
  1377 | D:2      | Noticed Natasha
  1400 | D:2      | Killed Natasha
  1401 | D:2      | Reached XP level 3. HP: 12/16 MP: 3/8
  1620 | D:2      | Noticed Natasha
  1627 | D:2      | Killed Natasha
  1628 | D:2      | Reached skill level 5 in Alchemy
  1628 | D:2      | Reached XP level 4. HP: 15/21 MP: 4/9
  1973 | D:2      | Noticed Natasha
  1980 | D:2      | Killed Natasha
  2070 | D:3      | Found an ornate altar of the Wu Jian Council.
  2146 | D:3      | Learned a level 4 spell: Olgreb's Toxic Radiance
  2198 | D:3      | Reached skill level 6 in Alchemy
  2198 | D:3      | Reached XP level 5. HP: 6/24 MP: 0/10
  2342 | D:3      | Gained mutation: Your spells are a little easier to cast,
                  | but a little less powerful. [potion of mutation]
  2342 | D:3      | Gained mutation: You are weak. (Str -2) [potion of
                  | mutation]
  2700 | D:4      | Noticed a phantom
  2774 | D:4      | Killed a phantom
  2775 | D:4      | Reached skill level 7 in Alchemy
  3016 | D:4      | Noticed Blork the orc
  3034 | D:4      | Killed Blork the orc
  3035 | D:4      | Reached XP level 6. HP: 28/28 MP: 0/11
  3133 | D:4      | Found a shimmering blue altar of Sif Muna.
  3337 | D:4      | Noticed Grinder
  3340 | D:4      | Paralysed by Grinder for 2 turns
  3348 | D:4      | Learned a level 4 spell: Sticky Flame
  3351 | D:4      | Killed Grinder
  3352 | D:4      | Reached skill level 8 in Alchemy
  3352 | D:4      | Reached XP level 7. HP: 20/32 MP: 4/12
  3582 | D:4      | Reached skill level 9 in Alchemy
  3730 | D:4      | Noticed Pikel
  3903 | D:4      | Killed Pikel
  3904 | D:4      | Reached XP level 8. HP: 39/39 MP: 2/15
  4463 | D:4      | Reached skill level 5 in Dodging
  4688 | D:4      | Found an iron altar of Okawaru.
  4771 | D:4      | Reached skill level 5 in Spellcasting
  4878 | D:5      | Entered Level 5 of the Dungeon
  4971 | D:5      | Found a bloodstained altar of Trog.
  5043 | D:5      | Found the +7 Throatcutter {drain, coup de grace}
  5163 | D:5      | Found a shadowy altar of Dithmenos.
  5182 | D:5      | Found a glowing golden altar of the Shining One.
  5582 | D:5      | Found a radiant altar of Vehumet.
  5827 | D:6      | Noticed Prince Ribbit
  5869 | D:6      | Killed Prince Ribbit
  5870 | D:6      | Reached XP level 9. HP: 45/45 MP: 3/17
  6236 | D:6      | Found a staircase to the Ecumenical Temple.
  6241 | Temple   | Entered the Ecumenical Temple
  6358 | D:4      | Became a worshipper of Sif Muna the Loreminder
  6937 | D:7      | Found a flagged portal.
  7050 | D:7      | Identified the +8 spear of Focus {drain, ^Drain Str+5}
  7054 | Bailey   | Entered a bailey
  7359 | Bailey   | Reached skill level 5 in Fighting
  7593 | Bailey   | Reached * piety under Sif Muna
  7832 | Bailey   | Reached skill level 10 in Dodging
  7835 | Bailey   | Reached XP level 10. HP: 34/53 MP: 6/18
  8907 | D:8      | Noticed Jeremiah
  9106 | D:7      | Reached skill level 5 in Stealth
  9448 | D:7      | Reached ** piety under Sif Muna
  9627 | D:7      | Noticed a skeletal warrior
  9627 | D:7      | Found the +5 scythe "Finisher" {speed, execute}
  9999 | D:7      | Reached skill level 10 in Alchemy
 10144 | D:7      | Found a snail-covered altar of Cheibriados.
 10272 | D:8      | Killed Jeremiah
 10468 | D:8      | Noticed Joseph
 10479 | D:8      | Killed Joseph
 10693 | D:8      | Noticed a two-headed ogre
 10713 | D:8      | Noticed a tengu warrior
 10943 | D:8      | Reached XP level 11. HP: 58/58 MP: 11/23
 11330 | D:8      | Found a broken altar of Ashenzari.
 11455 | D:8      | Noticed Erica
 11465 | D:8      | Killed Erica
 11466 | D:8      | Reached skill level 11 in Alchemy
 11536 | D:8      | Reached *** piety under Sif Muna
 11644 | D:8      | Found a white marble altar of Elyvilon.
 11782 | D:8      | Killed a two-headed ogre
 11913 | D:8      | Identified the ring of Bemnolid {rElec rF+ Will+ SInv}
 12338 | D:8      | Killed a tengu warrior
 12998 | D:9      | Found a sparkling altar of Nemelex Xobeh.
 13105 | D:9      | Reached **** piety under Sif Muna
 13243 | D:10     | Entered Level 10 of the Dungeon
 13255 | D:10     | Reached skill level 1 in Armour
 13384 | D:10     | Found a staircase to the Lair.
 13434 | D:10     | Learned a level 5 spell: Alistair's Intoxication
 13437 | D:10     | Learned a level 2 spell: Blink
 13534 | D:10     | Reached skill level 10 in Spellcasting
 13674 | D:10     | Reached skill level 1 in Translocations
 14770 | D:11     | Reached skill level 12 in Alchemy
 15202 | D:11     | Noticed a seven-headed hydra
 15366 | D:11     | Killed a seven-headed hydra
 15367 | D:11     | Reached XP level 12. HP: 65/65 MP: 27/27
 15384 | D:11     | Noticed a vault guard
 15388 | D:11     | Killed a vault guard
 15429 | D:11     | Found a portal to a secret trove of treasure.
 16045 | D:12     | Found a transporter.
 16167 | D:12     | Reached skill level 5 in Armour
 16416 | D:12     | Found a transporter.
 16423 | D:12     | Found a transporter.
 16673 | D:12     | Found a staircase to the Orcish Mines.
 16847 | Lair:1   | Entered Level 1 of the Lair of Beasts
 17309 | Lair:1   | Reached skill level 10 in Fighting
 17512 | Lair:1   | Reached ***** piety under Sif Muna
 17925 | Lair:1   | Quit the game

Illustrated notes

Levels and vault maps discovered:
D:1:      co_arrival_random_square_maze, layout_basic,
          hellmonk_ecumenical_altar_run_dry
D:2:      layout_loops_ring, uniq_natasha
D:3:      layout_basic, mainiacjoe_overflow_concentric_impassable
D:4:      layout_basic, kennysheep_mini, tgw_sif, grunt_decor_mini_mirrors,
          minmay_quantized, uniq_grinder, uniq_pikel
D:5:      layout_gridville, nicolae_overflow_squiral, tso_oasis_becter,
          trog_ov_bears_minmay
D:6:      layout_rooms, temple_doors_ab, kennysheep_boxes, uniq_prince_ribbit1
D:7:      cheibrodos_barr_body, layout_loops_cross,
          lemuel_coloured_pillars_altar, enter_bailey_2,
          minmay_guarded_unrand_finisher
D:8:      nzn_winding_woodlands_three_and_one [nzn_winding_woodlands_5x15_pool,
          nzn_winding_woodlands_5x15_concentric,
          nzn_winding_woodlands_5x15_parted,
          nzn_winding_woodlands_center_diamonds], layout_basic,
          elyvilon_altar_3, cheibrodos_ashenzari_chains, uniq_jeremiah,
          uniq_erica, uniq_joseph
D:9:      layout_gridville, nemelex_diamond_rough_becter, reono_crystal_passage
D:10:     layout_gridville, lair_entry_dummy
D:11:     layout_roguey, enter_trove_5
D:12:     layout_stronghold, zombieorc2_lemuel, nicolae_transporter_intersection
Temple:   chequers_temple_sunken
Lair:1:   layout_hall_layers, special_room [special_room_bee]

Skill      XL: |  1  2  3  4  5  6  7  8  9 10 11 12 |
---------------+-------------------------------------+-----
Dodging        | 3 4 6 10 | 10.0
Spellcasting   | 3 4 5 7 10 11 | 11.7
Alchemy        | 4 5 6 7 8 9 10 12 | 12.0
Fighting       | 2 3 6 7 8 10 | 10.0
Fire Magic     | 2 3 4 |  4.0
Stealth        | 6 |  6.0
Armour         | 3 6 |  6.0
Translocations | 3 4 |  4.0
Conjurations   | |  0.6

Action                     |  1- 3 |  4- 6 |  7- 9 | 10-12 || total
---------------------------+-------+-------+-------+-------++-------
  Melee: Unarmed           |     7 |       |       |       ||     7
         Punch             |     1 |       |       |       ||     1
   Fire: Sling             |    14 |    71 |   103 |    81 ||   269
         Arbalest          |       |       |       |   175 ||   175
   Cast: Sting             |    40 |    33 |    78 |    43 ||   194
         Olgreb's Toxic Ra |       |    10 |    48 |   103 ||   161
         Sticky Flame      |       |     1 |     4 |   116 ||   121
         Alistair's Intoxi |       |       |       |     1 ||     1
    Use: Scroll            |     1 |     1 |     6 |     8 ||    16
         Potion            |       |     2 |       |     2 ||     4
   Stab: Sleeping          |     1 |       |       |       ||     1
 Armour: Robe              |     8 |    21 |    29 |    64 ||   122
         Troll leather arm |       |       |       |   122 ||   122
  Dodge: Dodged            |    22 |    25 |    53 |   390 ||   490

Table legend: (Time is in decaauts)
 A = Elapsed time spent in this place.
 B = Non-inter-level travel time spent in this place.
 C = Inter-level travel time spent in this place.
 D = Time resting spent in this place.
 E = Time spent auto-exploring this place.
 F = Levels seen in this place.
 G = Mean time per level.
                   A        B        C        D        E       F      G
               +--------+--------+--------+--------+--------+-----+--------+
         Total |  14709 |  14173 |    536 |   1695 |   9773 |  15 |  980.6 |
       Dungeon |  12469 |  11935 |    534 |   1179 |   8558 |  12 | 1039.1 |
        Temple |      1 |      0 |      1 |      0 |      0 |   1 |    1.0 |
          Lair |    964 |    964 |      0 |      8 |    707 |   1 |  964.0 |
        Bailey |   1273 |   1273 |      0 |    507 |    507 |   1 | 1273.0 |
               +--------+--------+--------+--------+--------+-----+--------+

Top non-repeatable levels by time:
     D:4: 1846 daAuts
     D:7: 1844 daAuts
     D:8: 1525 daAuts
  Bailey: 1273 daAuts
    D:12: 1059 daAuts
    D:10: 1045 daAuts
  Lair:1: 964 daAuts
    D:11: 877 daAuts
     D:2: 820 daAuts
     D:6: 796 daAuts
     D:9: 774 daAuts
     D:5: 701 daAuts
     D:1: 632 daAuts
     D:3: 546 daAuts
  Temple: 1 daAuts
